AoeStats
← JacekSoplica(ksiądzRobak prime)

Arena

506391236Analyzed
1v1 RM · 19d ago on Sep 13, 2026· 47m 55s· 2 players
Game mode
Random Map
Map size
Tiny (2 player)
Population
200
Speed
Normal
Resources
Standard
Victory
Conquest
Starting age
Dark Age
Ending age
Imperial Age
RankedLock teamsTeams togetherTeam positionsShared explorationLock speedFull tech treeHidden civsTurbo modeCheats
Victory
Defeat
🇹🇷 Turks · Türkiye
747
+16
753
-16
Sarısaltuk
12:22 Feudal Age
18:12 Castle Age
22:22 Horse Collar
23:33 Loom
23:34 Town Watch
27:22 Double-Bit Axe
27:42 Heavy Plow
27:49 Husbandry
28:00 Bloodlines
31:24 Bow Saw
31:29 Scale Barding Armor
31:35 Forging
31:16 Fletching
31:26 Padded Archer Armor
31:27 Scale Mail Armor
34:12 Imperial Age
32:59 Wheelbarrow
33:24 Town Patrol
35:39 Chain Barding Armor
35:57 Iron Casting
40:05 Hand Cart
44:50 Leather Archer Armor
46:04 Elite Janissary
46:45 Artillery
47:21 Hoardings
46:16 Sappers
JacekSoplica(ksiądzRobak prime)
9:35 Feudal Age
16:36 Castle Age
26:58 Stone Mining
26:55 Double-Bit Axe
28:20 Pikeman
30:14 Fletching
31:05 Wheelbarrow
31:36 Loom
33:18 Town Watch
34:14 Bow Saw
33:48 Horse Collar
34:05 Gold Mining
35:55 Bodkin Arrow
36:05 Padded Archer Armor
39:31 Imperial Age
37:42 Gold Shaft Mining
37:11 Heavy Plow
38:22 Hand Cart
38:50 Town Patrol
39:06 Bodkin Arrow
39:14 Scale Mail Armor
39:30 Leather Archer Armor
39:56 Ballistics
41:39 Two-Man Saw
42:32 Ring Archer Armor
42:44 Yeomen
44:40 Elite Longbowman
45:22 Bracer
47:32 Halberdier
Connection lost

Rejoining the realm…

Still unreachable

The connection could not be restored.

Session expired

The server has moved on; the page needs a fresh start.